 Dungeon Crawl Stone Soup version 0.29.1-2-gbd0b4ee654 (webtiles) character file.

Game seed: 3138272177016498377

145 Orthodox the Trooper (level 5, -2/52 HPs)
             Began as a Gargoyle Berserker on Oct 24, 2022.
             Was a Believer of Trog.
             Splashed by a jelly's acid (9 damage)
             ... on level 4 of the Dungeon.
             The game lasted 00:07:12 (3939 turns).

Orthodox the Trooper (Gargoyle Berserker)           Turns: 3939, Time: 00:07:14

Health: -2/52      AC: -1    Str: 21    XL:     5   Next: 27%
Magic:  5/5        EV: 10    Int:  7    God:    Trog [**....]
Gold:   162        SH:  0    Dex: 17    Spells: 4/4 levels left

rFire   . . .      SeeInvis .   a - +0 hand axe
rCold   . . .      Faith    .   (no shield)
rNeg    + . .      Spirit   .   r - +0 scale mail
rPois   ∞          Reflect  .   (no helmet)
rElec   +          Harm     .   (no cloak)
rCorr   .          Rampage  .   (no gloves)
Will    +....                   (no boots)
Stlth   ..........              (no amulet)
HPRegen 0.17/turn               g - +6 ring of dexterity
MPRegen 0.09/turn               l - ring "Coebyoha" {rPois Will+}

@: berserking, corroded, very quick
A: sickness immunity, AC +4, negative energy resistance 1, electricity
resistance, torment resistance 1, petrification resistance
a: Renounce Religion, Berserk, Trog's Hand


You were on level 4 of the Dungeon.
You worshipped Trog.
Trog was pleased with you.
You visited 1 branch of the dungeon, and saw 4 of its levels.

You collected 162 gold pieces.

Inventory:

Hand Weapons
 a - a +0 hand axe (weapon)
Armour
 b - a +0 animal skin
 p - a +0 ring mail
 r - a +0 scale mail (worn)
Jewellery
 g - a +6 ring of dexterity (left hand)
 l - the ring "Coebyoha" (right hand) {rPois Will+}
   (You found it on level 2 of the Dungeon)

   [ring of poison resistance]

   rPois:     It protects you from poison.
   Will:      It increases your willpower.
Scrolls
 c - a scroll of acquirement {unknown}
 e - a scroll of teleportation {unknown}
 f - a scroll of identify {unknown}
 i - 2 scrolls of fear {unknown}
 j - a scroll of immolation {unknown}
 m - 2 scrolls of vulnerability {unknown}
 n - a scroll of butterflies {unknown}
 o - a scroll of noise {unknown}
Potions
 d - 2 potions of heal wounds {unknown}
 h - 2 potions of attraction {unknown}
 k - a potion of brilliance {unknown}
 q - a potion of ambrosia {unknown}


   Skills:
 + Level 5.0 Fighting
 + Level 4.1 Axes
 - Level 2.2 Armour
 - Level 1.6 Dodging


You had 4 spell levels left.
You didn't know any spells.
Your spell library was empty.

Dungeon Overview and Level Annotations

Branches:
Dungeon (4/15)
 Temple: D:4-7

Altars:
Gozag
The Shining One

Shops:
D:3 *

Annotations:
D:4 3 runed translucent doors, lotum's ghost, amateur DsBe


Innate Abilities, Weirdness & Mutations

You are immune to sickness and miasma.
Your stone body is resilient. (AC +4)
You are immune to poison.
You resist negative energy. (rN+)
You are resistant to electric shocks. (rElec)
You are resistant to unholy torment.
You are immune to petrification.


Message History

There is a stone staircase leading down here.
There is an open door here.
There is an open door here.
There is a stone staircase leading down here.
Unknown command.
You climb downwards.
Level annotation: 3 runed translucent doors, lotum's ghost, amateur DsBe
Found 3 stones.
There is a stone staircase leading up here.
You climb upwards.
There is a stone staircase leading down here.
You climb downwards.
Level annotation: 3 runed translucent doors, lotum's ghost, amateur DsBe
There is a stone staircase leading up here.
Found a mace.
A jelly comes into view.
The jelly quivers.
You see here a +0 mace.
You hit the jelly. The acid corrodes you!
Your hands burn!
The jelly is lightly wounded.
The jelly hits you but does no damage.
You hit the jelly. The acid corrodes you!
Your hands burn!
The jelly is heavily wounded.
The jelly closely misses you.
You hit the jelly. The acid corrodes you!
Your hands burn!
The jelly is heavily wounded.
The jelly hits you. The acid corrodes you!
You are splashed with acid!
You are too injured to fight recklessly!
You are too injured to fight recklessly!
A red film seems to cover your vision as you go berserk!
You feel yourself moving faster!
You feel mighty! The jelly hits you.
You are splashed with acid!
* * * LOW HITPOINT WARNING * * *
You hit the jelly.
Your hands burn!
* * * LOW HITPOINT WARNING * * *
The jelly is severely wounded.
The jelly hits you.
* * * LOW HITPOINT WARNING * * *
The acid corrodes you!
You are splashed with acid!
You die...

### ###.. ..... .....
#### ## ..... #.. #..
##.#. #.. .. # #.
#.##.#..# .. ..#
####.@J....# ..# #.#
#....##.#.... ....
#.####.##.##.#.# #
######...(..........#
#.............#######
#...........#.##
#......#.......#
#........#.....#
#....<##.#..##.#


You could see a jelly.

Vanquished Creatures
  Terence (D:3)
  3 gnolls
  2 adders
  3 dart slugs
  2 orcs (D:3)
  5 bats
  4 endoplasms
  2 giant cockroaches
  7 goblins
  7 hobgoblins
  5 quokkas
  10 ball pythons
  2 frilled lizards (D:2)
  3 kobolds
  9 rats
65 creatures vanquished.

Vanquished Creatures (others)
  A plant (D:4)
1 creature vanquished.

Grand Total: 66 creatures vanquished

Notes
Turn   | Place    | Note
-------+----------+-------------------------------------------
     0 | D:1      | Orthodox the Gargoyle Berserker began the quest for the
                  | Orb.
     0 | D:1      | Reached XP level 1. HP: 14/14 MP: 1/1
   187 | D:1      | Reached XP level 2. HP: 19/19 MP: 2/2
   886 | D:1      | Reached XP level 3. HP: 24/24 MP: 3/3
   888 | D:1      | Reached skill level 4 in Fighting
  1984 | D:2      | Reached ** piety under Trog
  2088 | D:2      | Reached XP level 4. HP: 30/30 MP: 4/4
  2580 | D:2      | Identified the ring "Coebyoha" {rPois Will+}
  2617 | D:2      | You fall into a shaft and drop 2 floors!
  2622 | D:4      | Noticed a scorpion
  2637 | D:4      | Found a runed translucent gate.
  2637 | D:4      | Found a runed translucent gate.
  2637 | D:4      | Noticed a yak
  2638 | D:4      | Found a runed translucent gate.
  2639 | D:4      | Noticed lotum's ghost (amateur DsBe)
  2661 | D:4      | Noticed a black bear
  3097 | D:3      | Found an opulent altar of Gozag.
  3461 | D:3      | Reached XP level 5. HP: 34/34 MP: 5/5
  3486 | D:3      | Found Molytos's General Store.
  3572 | D:3      | Noticed Terence
  3586 | D:3      | Killed Terence
  3587 | D:3      | Reached skill level 5 in Fighting
  3678 | D:3      | Found a glowing golden altar of the Shining One.
  3702 | D:3      | Reached *** piety under Trog
  3939 | D:4      | Splashed by a jelly's acid

Illustrated notes

Levels and vault maps discovered:
D:1:      spicycebolla_arrival_ecumenical, layout_basic, st_stairs_3
D:2:      layout_basic
D:3:      layout_basic, nicolae_gozag_seed_capital, tso_oasis_becter,
          serial_shops, nicolae_lakefront_shop, uniq_terence
D:4:      layout_basic, gammafunk_ghost_split, corexii_shack, uniq_duvessa,
          uniq_menkaure

Skill      XL: |  1  2  3  4  5 |
---------------+----------------+-----
Axes           | 3 4 |  4.1
Fighting       | 4 5 |  5.0
Armour         | |  2.2
Dodging        | |  1.6

Action                   |  1- 3 |  4- 6 || total
-------------------------+-------+-------++-------
Melee: Hand axe          |   101 |    75 ||   176
       Punch             |       |     1 ||     1
Invok: Berserk           |     2 |     2 ||     4
 Stab: Sleeping          |       |     1 ||     1
Armor: Animal skin       |    39 |    12 ||    51
       Ring mail         |       |     5 ||     5
       Scale mail        |       |     1 ||     1
Dodge: Dodged            |    75 |    49 ||   124
